 Dungeon Crawl Stone Soup version 0.29.1-15-g9cfb28693d (webtiles) character file.

Game seed: 14019387259927335859

8 leafyfresh the Sneak (level 2, 0/21 HPs)
             Began as an Octopode Delver on Feb 26, 2023.
             Slain by a phantom (6 damage)
             ... on level 4 of the Dungeon.
             The game lasted 00:00:48 (431 turns).

leafyfresh the Sneak (Octopode Delver)               Turns: 431, Time: 00:00:49

Health: 0/21       AC:  1    Str: 11    XL:     2   Next: 8%
Magic:  2/2        EV: 17    Int: 12    God:
Gold:   15         SH:  0    Dex: 13    Spells: 1/1 levels left

rFire   . . .      SeeInvis .   a - +0 short sword
rCold   . . .      Faith    .   (no shield)
rNeg    . . .      Spirit   .   (helmet restricted)
rPois   .          Reflect  .   (no amulet)
rElec   .          Harm     .   g - +4 ring of evasion
rCorr   .          Rampage  .   (no ring)
Will    .....                   (no ring)
Stlth   ++++......              (no ring)
HPRegen 0.07/turn               (no ring)
MPRegen 0.08/turn               (no ring)
                                (no ring)
                                (no ring)

@: no status effects
A: almost no armour, amphibious, 8 rings, camouflage 1, gelatinous body 1,
(nimble swimmer 1), tentacles
a: no special abilities


You were on level 4 of the Dungeon.
You visited 1 branch of the dungeon, and saw 2 of its levels.

You collected 15 gold pieces.

Inventory:

Hand Weapons
 a - a +0 short sword (weapon)
Jewellery
 g - a +4 ring of evasion (left tentacle)
Wands
 f - a wand of digging (3)
Scrolls
 b - a scroll of fog
 c - a scroll of magic mapping
 h - a scroll of vulnerability {unknown}
Potions
 e - a potion of haste


   Skills:
 + Level 3.1 Fighting
 - Level 2.1 Short Blades
 + Level 2.2 Dodging
 + Level 6.7 Stealth


You had one spell level left.
You didn't know any spells.
Your spell library was empty.

Dungeon Overview and Level Annotations

Branches:
Dungeon (5/15)
 Temple: D:4-7

Altars:


Innate Abilities, Weirdness & Mutations

You cannot wear most types of armour.
You are amphibious.
You can wear up to eight rings at the same time.
Your skin changes colour to match your surroundings (Stealth+).
Your rubbery body absorbs attacks. (AC +1, EV +1)
((You are camouflaged when in or above water. (Stealth+)))
You have tentacles for arms and can constrict up to eight enemies at once.


Message History

There are monsters nearby!
Found a scroll of magic mapping.
The endoplasm quivers.
The phantom barely misses you. The endoplasm hits you.
Unknown command.
The endoplasm attacks as you move away! The endoplasm hits you.
There is a stone staircase leading up here.
You hit the endoplasm. You squeeze the endoplasm.
You kill the endoplasm!
The phantom barely misses you.
Unknown command.
You closely miss the phantom. You squeeze the phantom.
The phantom is moderately damaged.
The phantom barely misses you.
Unknown command.
You hit the phantom but do no damage.
The phantom is moderately damaged.
The phantom barely misses you.
Unknown command.
You barely miss the phantom. You squeeze the phantom.
The phantom is heavily damaged.
The phantom hits you.
The phantom blinks!
You blink.
Found a sling.
Unknown command.
You hit the phantom but do no damage.
The phantom is heavily damaged.
The phantom hits you but does no damage.
Unknown command.
You completely miss the phantom.
The phantom is heavily damaged.
The phantom hits you!
Unknown command.
You closely miss the phantom.
The phantom is moderately damaged.
The phantom hits you.
* * * LOW HITPOINT WARNING * * *
Unknown command.
You hit the phantom.
The phantom is heavily damaged.
The phantom hits you.
You die...

..#### .....#### #
..#.....##### .#
....###.....##### #.
.....#####...<..###.
.....# ###....[....#
.....# #.?.........#
....## #......W.#..#
....# #........@# .#
.... #.........# #
...# #..........#
...# #..........#
..## ...........#
.## #...........# ##
........# ..)......


You could see a phantom.

Vanquished Creatures
  2 endoplasms (D:4)
  4 jackals (D:4)
6 creatures vanquished.

Notes
Turn   | Place    | Note
-------+----------+-------------------------------------------
     0 | D:5      | leafyfresh the Octopode Delver began the quest for the Orb.
     0 | D:5      | Reached XP level 1. HP: 16/16 MP: 1/1
   370 | D:4      | Reached XP level 2. HP: 18/21 MP: 2/2
   418 | D:4      | Noticed a phantom
   431 | D:4      | Slain by a phantom

Illustrated notes

Levels and vault maps discovered:
D:4:      layout_cave_pods, kennysheep_mini
D:5:      layout_cave_pools, bloody_trog, cheibrodos_sewer_entry_drain,
          kennysheep_generic_room_14, uniq_grinder

Action                   || total
-------------------------++-------
Melee: Short sword       ||    19
       Tentacles         ||     6
       Constrict         ||     3
  Use: Scroll            ||     1
 Stab: Sleeping          ||     1
Armor: Skin              ||     4
Dodge: Dodged            ||    17
